[ PARTIDA AOE2 · #495349790 ]
UnrankedIndostaníes vs Mongols
Equipo del jugador · DERR
Equipo rival · VICT
[ ANÁLISIS DE REPETICIÓN · EXTRAÍDO DE LA PARTIDA GRABADA ]
Feudal
8:51
Castillos
23:06
Imperial
—
| APM promedio | 47.4 |
| APM pico | 76 |
| eAPM promedio | 20.2 |
| Aldeanos / militares | 62 / 45 |
Foco
⚔️ 34.3% · 🌾 65.7%
Camel Scout ×18 · Archer ×12 · Scout Cavalry ×6 · Spearman ×4 · Mangonel ×3 · Monk ×1
Feudal
8:26
Castillos
21:06
Imperial
—
| APM promedio | 60.2 |
| APM pico | 91 |
| eAPM promedio | 24.8 |
| Aldeanos / militares | 72 / 56 |
Foco
⚔️ 32.6% · 🌾 67.4%
Cavalry Archer ×34 · Skirmisher ×12 · Scout Cavalry ×7 · Spearman ×3
Mapa de la partida
Recursos iniciales + cada clic de construcción. Líneas = muros · curvas = relieve. ◆ oro · ⬟ piedra · ● bayas · ✦ reliquia · ◌ hueco del cierre
Tu base· ✓ Cerrada en 23:06 · 30t muro · 1 puerta(s)
Base de buoooooo· Abierta — flanco sin cerrar
Terreno inicial suavizado · ◌ = hueco del cierre detectado · pasá el cursor para detalles
Inputs por minuto
— banditbird - - buoooooo
Build order — banditbird
Primeras 150 de 176 acciones detectadas
| 0:00 | Crear | Villager (Male) |
| 0:01 | Crear | Villager (Male) |
| 0:01 | Crear | Villager (Male) |
| 0:02 | Construir | House |
| 0:03 | Construir | House |
| 0:23 | Crear | Villager (Male) |
| 1:12 | Crear | Villager (Male) |
| 1:31 | Crear | Villager (Male) |
| 2:06 | Crear | Villager (Male) |
| 2:15 | Construir | Lumber Camp |
| 2:24 | Crear | Villager (Male) |
| 3:01 | Crear | Villager (Male) |
| 3:02 | Crear | Villager (Male) |
| 3:02 | Crear | Villager (Male) |
| 3:36 | Construir | House |
| 4:00 | Crear | Villager (Male) |
| 4:21 | Crear | Villager (Male) |
| 4:31 | Crear | Villager (Male) |
| 4:58 | Construir | Mill |
| 5:24 | Crear | Villager (Male) |
| 5:24 | Crear | Villager (Male) |
| 6:06 | Investigar | Loom |
| 6:29 | Investigar | Feudal Age |
| 7:32 | Construir | Barracks |
| 8:03 | Construir | House |
| 8:47 | Crear | Villager (Male) |
| 8:51 | Edad | Edad Feudal |
| 8:56 | Construir | Stable |
| 9:00 | Investigar | Double-Bit Axe |
| 9:01 | Crear | Spearman |
| 9:02 | Crear | Villager (Male) |
| 9:23 | Crear | Villager (Male) |
| 9:38 | Construir | House |
| 9:43 | Crear | Villager (Male) |
| 9:44 | Crear | Scout Cavalry |
| 9:50 | Construir | Mill |
| 9:53 | Crear | Scout Cavalry |
| 9:54 | Crear | Scout Cavalry |
| 10:00 | Construir | House |
| 10:03 | Construir | Palisade Wall |
| 10:08 | Crear | Villager (Male) |
| 10:14 | Crear | Villager (Male) |
| 10:19 | Construir | Palisade Wall |
| 10:29 | Construir | Palisade Wall |
| 10:50 | Crear | Villager (Male) |
| 10:56 | Construir | Archery Range |
| 11:08 | Crear | Villager (Male) |
| 11:11 | Construir | Mining Camp |
| 11:23 | Crear | Spearman |
| 11:47 | Construir | Farm |
| 11:48 | Construir | Farm |
| 11:59 | Construir | Farm |
| 12:06 | Construir | House |
| 12:14 | Crear | Villager (Male) |
| 12:25 | Construir | Farm |
| 12:27 | Construir | Farm |
| 12:36 | Construir | Farm |
| 12:50 | Crear | Villager (Male) |
| 13:01 | Construir | Farm |
| 13:25 | Crear | Spearman |
| 13:33 | Crear | Villager (Male) |
| 14:04 | Crear | Villager (Male) |
| 14:16 | Crear | Archer |
| 14:18 | Crear | Villager (Male) |
| 14:24 | Construir | Palisade Wall |
| 14:34 | Construir | House |
| 14:41 | Crear | Villager (Male) |
| 14:57 | Construir | Palisade Wall |
| 15:03 | Crear | Villager (Male) |
| 15:18 | Crear | Villager (Male) |
| 15:20 | Crear | Archer |
| 15:21 | Crear | Archer |
| 15:29 | Construir | Market |
| 15:36 | Construir | Blacksmith |
| 15:44 | Crear | Archer |
| 15:56 | Crear | Villager (Male) |
| 16:11 | Construir | Palisade Gate |
| 16:12 | Construir | House |
| 16:22 | Investigar | Fletching |
| 16:23 | Crear | Villager (Male) |
| 16:47 | Crear | Villager (Male) |
| 16:48 | Crear | Archer |
| 16:48 | Crear | Scout Cavalry |
| 16:51 | Construir | Farm |
| 17:08 | Crear | Villager (Male) |
| 17:11 | Construir | Farm |
| 17:19 | Crear | Archer |
| 17:25 | Crear | Scout Cavalry |
| 17:27 | Investigar | Horse Collar |
| 17:51 | Crear | Villager (Male) |
| 17:51 | Crear | Villager (Male) |
| 18:00 | Crear | Villager (Male) |
| 18:04 | Crear | Archer |
| 18:08 | Construir | Farm |
| 18:09 | Construir | Farm |
| 18:18 | Crear | Archer |
| 18:19 | Crear | Scout Cavalry |
| 18:22 | Construir | Farm |
| 18:24 | Construir | House |
| 18:59 | Crear | Villager (Male) |
| 19:07 | Crear | Archer |
| 19:10 | Construir | Farm |
| 19:11 | Construir | Farm |
| 19:31 | Crear | Villager (Male) |
| 19:32 | Crear | Villager (Male) |
| 19:33 | Crear | Archer |
| 19:56 | Crear | Villager (Male) |
| 19:57 | Crear | Archer |
| 20:15 | Construir | Farm |
| 20:26 | Investigar | Castle Age |
| 20:49 | Crear | Villager (Male) |
| 20:56 | Crear | Archer |
| 21:26 | Construir | Lumber Camp |
| 22:12 | Crear | Spearman |
| 22:14 | Investigar | Bloodlines |
| 22:17 | Investigar | Gold Mining |
| 22:41 | Construir | Stable |
| 22:42 | Construir | House |
| 22:44 | Construir | House |
| 23:06 | Edad | Edad de los Castillos |
| 23:18 | Construir | Lumber Camp |
| 23:20 | Construir | House |
| 23:27 | Crear | Camel Scout |
| 23:28 | Crear | Camel Scout |
| 23:37 | Crear | Villager (Male) |
| 23:37 | Crear | Villager (Male) |
| 23:37 | Crear | Villager (Male) |
| 23:38 | Crear | Camel Scout |
| 23:38 | Crear | Camel Scout |
| 23:57 | Construir | Siege Workshop |
| 23:59 | Crear | Camel Scout |
| 23:59 | Crear | Camel Scout |
| 24:00 | Investigar | Scale Barding Armor |
| 24:07 | Crear | Camel Scout |
| 24:38 | Crear | Camel Scout |
| 24:40 | Crear | Villager (Male) |
| 24:41 | Construir | Farm |
| 25:06 | Crear | Villager (Male) |
| 25:07 | Crear | Camel Scout |
| 25:07 | Crear | Camel Scout |
| 25:29 | Crear | Villager (Male) |
| 25:41 | Crear | Mangonel |
| 25:43 | Construir | House |
| 25:47 | Construir | Mining Camp |
| 25:49 | Construir | Farm |
| 25:54 | Construir | House |
| 26:02 | Investigar | Husbandry |
| 26:03 | Crear | Villager (Male) |
| 26:03 | Crear | Villager (Male) |
| 26:09 | Construir | House |
Build order — buoooooo
Primeras 150 de 209 acciones detectadas
| 0:00 | Crear | Villager (Male) |
| 0:00 | Crear | Villager (Male) |
| 0:00 | Crear | Villager (Male) |
| 0:01 | Crear | Villager (Male) |
| 0:02 | Construir | House |
| 0:03 | Construir | House |
| 1:30 | Crear | Villager (Male) |
| 1:56 | Construir | Mill |
| 2:01 | Crear | Villager (Male) |
| 2:08 | Crear | Villager (Male) |
| 2:53 | Crear | Villager (Male) |
| 2:53 | Crear | Villager (Male) |
| 2:54 | Crear | Villager (Male) |
| 3:19 | Crear | Villager (Male) |
| 3:20 | Crear | Villager (Male) |
| 3:22 | Crear | Villager (Male) |
| 3:22 | Crear | Villager (Male) |
| 3:46 | Crear | Villager (Male) |
| 3:54 | Construir | House |
| 3:59 | Crear | Villager (Male) |
| 4:35 | Crear | Villager (Male) |
| 4:40 | Construir | House |
| 5:49 | Construir | Lumber Camp |
| 6:15 | Investigar | Feudal Age |
| 6:15 | Investigar | Feudal Age |
| 6:15 | Investigar | Feudal Age |
| 7:32 | Construir | Barracks |
| 8:25 | Crear | Villager (Male) |
| 8:26 | Edad | Edad Feudal |
| 8:32 | Construir | Stable |
| 8:52 | Crear | Villager (Male) |
| 8:55 | Crear | Villager (Male) |
| 8:59 | Investigar | Double-Bit Axe |
| 9:15 | Crear | Scout Cavalry |
| 9:20 | Construir | House |
| 9:23 | Construir | Palisade Wall |
| 9:24 | Crear | Scout Cavalry |
| 9:25 | Crear | Villager (Male) |
| 9:33 | Construir | Mill |
| 9:41 | Crear | Spearman |
| 9:55 | Crear | Scout Cavalry |
| 9:58 | Construir | House |
| 10:11 | Crear | Villager (Male) |
| 10:25 | Investigar | Horse Collar |
| 10:37 | Construir | House |
| 10:41 | Construir | Farm |
| 10:51 | Investigar | Loom |
| 10:52 | Crear | Villager (Male) |
| 11:00 | Crear | Villager (Male) |
| 11:36 | Crear | Villager (Male) |
| 11:38 | Construir | House |
| 11:42 | Crear | Scout Cavalry |
| 11:46 | Construir | House |
| 11:52 | Construir | Farm |
| 11:53 | Construir | Farm |
| 11:54 | Construir | Farm |
| 11:56 | Construir | Farm |
| 12:05 | Crear | Scout Cavalry |
| 12:07 | Crear | Villager (Male) |
| 12:08 | Construir | Farm |
| 12:12 | Construir | Farm |
| 12:23 | Construir | Palisade Wall |
| 12:27 | Construir | Palisade Wall |
| 12:34 | Construir | Palisade Wall |
| 12:34 | Crear | Villager (Male) |
| 12:34 | Crear | Villager (Male) |
| 12:37 | Construir | Farm |
| 12:44 | Crear | Villager (Male) |
| 13:02 | Crear | Spearman |
| 13:20 | Crear | Scout Cavalry |
| 13:29 | Crear | Villager (Male) |
| 13:45 | Construir | Farm |
| 13:46 | Construir | Farm |
| 13:51 | Crear | Scout Cavalry |
| 14:02 | Construir | Farm |
| 14:05 | Crear | Villager (Male) |
| 14:10 | Construir | Mining Camp |
| 14:20 | Crear | Villager (Male) |
| 14:31 | Crear | Villager (Male) |
| 15:27 | Construir | Archery Range |
| 15:27 | Crear | Villager (Male) |
| 15:54 | Crear | Villager (Male) |
| 16:02 | Construir | Farm |
| 16:37 | Construir | House |
| 16:38 | Crear | Skirmisher |
| 16:39 | Crear | Skirmisher |
| 16:45 | Crear | Villager (Male) |
| 16:45 | Crear | Villager (Male) |
| 17:26 | Construir | House |
| 17:36 | Crear | Villager (Male) |
| 17:38 | Crear | Villager (Male) |
| 17:49 | Crear | Villager (Male) |
| 17:51 | Crear | Villager (Male) |
| 17:55 | Crear | Skirmisher |
| 18:08 | Construir | House |
| 18:19 | Investigar | Castle Age |
| 18:26 | Construir | Lumber Camp |
| 18:34 | Construir | Archery Range |
| 18:42 | Construir | Blacksmith |
| 18:50 | Construir | Farm |
| 18:53 | Investigar | Gold Mining |
| 19:00 | Crear | Spearman |
| 19:22 | Construir | House |
| 19:23 | Crear | Skirmisher |
| 19:26 | Crear | Villager (Male) |
| 19:28 | Investigar | Fletching |
| 19:37 | Crear | Villager (Male) |
| 19:57 | Crear | Skirmisher |
| 19:58 | Crear | Skirmisher |
| 20:02 | Construir | Farm |
| 20:10 | Crear | Villager (Male) |
| 20:13 | Crear | Skirmisher |
| 20:13 | Crear | Skirmisher |
| 20:20 | Crear | Skirmisher |
| 20:40 | Construir | House |
| 20:40 | Crear | Villager (Male) |
| 20:46 | Crear | Skirmisher |
| 20:46 | Crear | Skirmisher |
| 20:54 | Construir | House |
| 20:59 | Construir | House |
| 21:06 | Edad | Edad de los Castillos |
| 21:07 | Crear | Skirmisher |
| 21:13 | Crear | Cavalry Archer |
| 21:13 | Crear | Cavalry Archer |
| 21:15 | Crear | Villager (Male) |
| 21:17 | Construir | House |
| 21:18 | Crear | Villager (Male) |
| 21:19 | Investigar | Bodkin Arrow |
| 21:24 | Investigar | Husbandry |
| 21:36 | Crear | Villager (Male) |
| 21:45 | Crear | Villager (Male) |
| 21:55 | Crear | Cavalry Archer |
| 21:56 | Crear | Cavalry Archer |
| 22:04 | Crear | Cavalry Archer |
| 22:04 | Crear | Cavalry Archer |
| 22:11 | Construir | Town Center |
| 22:12 | Crear | Villager (Male) |
| 22:22 | Crear | Villager (Male) |
| 22:33 | Construir | House |
| 22:40 | Crear | Villager (Male) |
| 22:50 | Crear | Cavalry Archer |
| 22:54 | Construir | Archery Range |
| 23:10 | Crear | Cavalry Archer |
| 23:10 | Crear | Cavalry Archer |
| 23:12 | Investigar | Bloodlines |
| 23:33 | Crear | Villager (Male) |
| 23:48 | Crear | Cavalry Archer |
| 23:48 | Crear | Cavalry Archer |
| 23:54 | Construir | House |
| 24:02 | Crear | Cavalry Archer |
Cronología de la partida
| 7:32 | buoooooo · first_building Barracks |
| 7:32 | banditbird · first_building Barracks |
| 8:26 | buoooooo · age_up feudal |
| 8:32 | buoooooo · first_building Stable |
| 8:51 | banditbird · age_up feudal |
| 8:56 | banditbird · first_building Stable |
| 9:23 | buoooooo · wall_segment Palisade Wall x8 |
| 10:03 | banditbird · wall_segment Palisade Wall x1 |
| 10:19 | banditbird · wall_segment Palisade Wall x7 |
| 10:29 | banditbird · wall_segment Palisade Wall x9 |
| 10:56 | banditbird · first_building Archery Range |
| 12:23 | buoooooo · wall_segment Palisade Wall x1 |
| 12:27 | buoooooo · wall_segment Palisade Wall x14 |
| 12:34 | buoooooo · wall_segment Palisade Wall x18 |
| 14:24 | banditbird · wall_segment Palisade Wall x12 |
| 14:57 | banditbird · wall_segment Palisade Wall x1 |
| 15:27 | buoooooo · first_building Archery Range |
| 20:18 | banditbird · first_market_buy 100 food |
| 21:06 | buoooooo · age_up castle |
| 23:06 | banditbird · age_up castle |
| 23:57 | banditbird · first_building Siege Workshop |
| 26:11 | banditbird · first_building Monastery |
| 29:08 | banditbird · resign |
[ ANÁLISIS IA · 1 CRÉDITO ]
¿Qué pasó realmente en esta partida?
Wolo.gg analiza cada decisión: build order, eco, micro, errores típicos por bracket. Análisis personalizado por WhatsApp o Discord en 30 segundos.
Guía civ
Indostaníes
Perfil
Jugador #3413471